 Dungeon Crawl Stone Soup version 0.27.0-1-g7a089689b8 (webtiles) character file.

Game seed: 4417271787552571593

346 Naeght the Skirmisher (level 6, -2/84 HPs)
             Began as a Minotaur Berserker on Aug 12, 2021.
             Was a Priest of Trog.
             Slain by Sigmund (8 damage)
             ... on level 4 of the Dungeon.
             The game lasted 00:04:08 (2982 turns).

Naeght the Skirmisher (Minotaur Berserker)          Turns: 2982, Time: 00:04:09

Health: -2/84      AC:  9    Str: 23    XL:     6   Next: 32%
Magic:  5/5        EV:  9    Int:  4    God:    Trog [***...]
Gold:   158        SH:  0    Dex: 10    Spells: 5/5 levels left

rFire    . . .     SeeInvis .   a - +0 mace
rCold    . . .     Faith    .   (no shield)
rNeg     . . .     Spirit   .   i - +0 chain mail
rPois    .         Reflect  .   (helmet restricted)
rElec    .         Harm     +   h - scarf {harm}
rCorr    .         Rampage  .   (no gloves)
Will     .....                  (no boots)
Stlth    ..........             (no amulet)
HPRegen  0.24/turn              (no ring)
MPRegen  0.09/turn              (no ring)

@: berserking (expiring), very quick
A: horns 2, retaliatory headbutt
a: Renounce Religion, Berserk, Trog's Hand


You were on level 4 of the Dungeon.
You worshipped Trog.
Trog was most pleased with you.
You visited 1 branch of the dungeon, and saw 4 of its levels.

You collected 158 gold pieces.

Inventory:

Hand Weapons
 a - a +0 mace (weapon)
Armour
 b - a +0 animal skin
 h - a scarf of harm (worn)
 i - a +0 chain mail (worn)
Scrolls
 d - a scroll of immolation {unknown}
 f - 2 scrolls of fear {unknown}
 g - 2 scrolls of identify {unknown}
Potions
 c - a potion of degeneration {unknown}
 e - a potion of haste {unknown}
 j - a potion of might {unknown}


   Skills:
 + Level 5.2 Fighting
 + Level 5.1 Maces & Flails
 * Level 5.0 Armour
 + Level 3.8 Dodging


You had 5 spell levels left.
You didn't know any spells.
Your spell library was empty.

Dungeon Overview and Level Annotations

Branches:
Dungeon (4/15)
 Temple: D:4-7

Altars:
Ashenzari
Sif Muna

Annotations:
D:4 Sigmund


Innate Abilities, Weirdness & Mutations

You have a pair of horns on your head.
You reflexively headbutt those who attack you in melee.


Message History

Things that are here:
a +0 hand axe; an orc corpse; a hobgoblin corpse You barely miss the adder zombie.
The adder zombie bites you but does no damage.
You bludgeon the adder zombie!!
You destroy the adder zombie!
Trog accepts your kill. Something hits you.
The hound zombie bites you but does no damage.
You sock the hound zombie!
The hound zombie is severely damaged.
You hear some strange, mumbled words.
A magic dart appears from out of thin air!
The magic dart hits you! The hound zombie barely misses you.
Unknown command.
You sock something! You headbutt something!
Something hits you but does no damage.
You miss something. You headbutt something. The hound zombie bites you.
* * * LOW HITPOINT WARNING * * *
The orc priest hits you with a +0 dagger.
* * * LOW HITPOINT WARNING * * *
An orc wizard comes into view. It is wielding a +0 dagger.
The hound zombie barely misses you.
You barely miss something.
A quokka zombie comes into view.
Something hits you!
* * * LOW HITPOINT WARNING * * *
The orc priest misses you.
You completely miss something. The hound zombie bites you.
* * * LOW HITPOINT WARNING * * *
Something hits you.
* * * LOW HITPOINT WARNING * * *
The orc priest hits you with a +0 dagger.
* * * LOW HITPOINT WARNING * * *
You miss something. The hound zombie closely misses you.
You furiously retaliate!
You headbutt the hound zombie!
You destroy the hound zombie!
Trog accepts your kill.
You barely miss the orc priest. Something hits you!
You die...

#..........
#..........
#..........
#......^...
#..........
#!.........
#.o{.......
##.##.)@)......
......)<.......
....Z##########
...o ..8 .. .


You could see an orc priest, an orc wizard and a quokka zombie.

Vanquished Creatures
  The ghost of boopsy the Sneak, an amateur FoBr (D:3)
  A hound (D:2)
  An orc priest (D:4)
  An iguana (D:3)
  A hound zombie (D:4)
  7 adders
  An ufetubus (D:3)
  An adder zombie (D:4)
  3 dart slugs
  10 orcs
  4 endoplasms (D:1)
  5 giant cockroaches
  6 goblins
  3 hobgoblins
  7 jackals (D:3)
  6 kobolds
  A quokka (D:3)
  8 ball pythons
  8 bats
  4 frilled lizards
  4 rats (D:1)
83 creatures vanquished.

Notes
Turn   | Place    | Note
-------+----------+-------------------------------------------
     0 | D:1      | Naeght the Minotaur Berserker began the quest for the Orb.
     0 | D:1      | Reached XP level 1. HP: 19/19 MP: 0/0
    86 | D:1      | Reached XP level 2. HP: 24/27 MP: 1/1
   224 | D:1      | Found a faded altar of an unknown god.
   518 | D:1      | Reached XP level 3. HP: 33/33 MP: 2/2
   530 | D:1      | Reached ** piety under Trog
  1370 | D:2      | Found a broken altar of Ashenzari.
  1532 | D:2      | Reached XP level 4. HP: 40/40 MP: 3/3
  1814 | D:3      | Reached XP level 5. HP: 35/47 MP: 4/4
  2027 | D:3      | Found a shimmering blue altar of Sif Muna.
  2139 | D:3      | Found a runed translucent door.
  2143 | D:3      | Noticed boopsy's ghost (amateur FoBr)
  2276 | D:3      | Reached *** piety under Trog
  2846 | D:3      | Killed boopsy's ghost
  2847 | D:3      | Reached skill level 5 in Fighting
  2847 | D:3      | Reached skill level 5 in Maces & Flails
  2847 | D:3      | Reached XP level 6. HP: 44/56 MP: 5/5
  2962 | D:4      | Noticed Sigmund
  2974 | D:4      | Reached skill level 5 in Armour
  2982 | D:4      | Slain by Sigmund

Illustrated notes

Levels and vault maps discovered:
D:1:      psy_arrival_fountain, layout_rooms,
          chequers_ecumenical_altar_simple_redux, minmay_heptomino_w4
D:2:      layout_loops_ring, basic_altar, chequers_decorated_corner
D:3:      wander_river, layout_loops_ring, nicolae_sif_muna_little_library,
          ebering_ghost_sewer_d, minmay_diced_spiral
D:4:      layout_rooms, minmay_temple_entry_junction, serial_undead,
          serial_undead_a, serial_undead_d, serial_undead_d, serial_undead_d,
          serial_undead_c, serial_undead_d, roderic_batcave, uniq_sigmund

Skill      XL: |  1  2  3  4  5  6 |
---------------+-------------------+-----
Maces & Flails | 4 5 |  5.1
Fighting       | 4 5 |  5.2
Armour         | 3 4 5 |  5.0
Dodging        | 3 |  3.8

Action                   |  1- 3 |  4- 6 || total
-------------------------+-------+-------++-------
Melee: Mace              |    76 |   100 ||   176
       Headbutt          |     9 |    16 ||    25
Invok: Berserk           |       |     2 ||     2
       Trog's Hand       |       |     1 ||     1
Armor: Animal skin       |    20 |     6 ||    26
       Chain mail        |       |    41 ||    41
Dodge: Dodged            |    56 |    69 ||   125
